 Dungeon Crawl Stone Soup version 0.28.0 (webtiles) character file.

Game seed: 17074285668954182985

5543 themarg the Basher (level 10, -3/90 HPs)
             Began as a Minotaur Monk on Feb 18, 2022.
             Was an Elder of Kikubaaqudgha.
             Slain by a six-headed hydra (13 damage)
             ... on level 1 of the Lair of Beasts.
             The game lasted 00:30:35 (8408 turns).

themarg the Basher (Minotaur Monk)                  Turns: 8408, Time: 00:30:38

Health: -3/90      AC: 11    Str: 17    XL:     10   Next: 43%
Magic:  9/9        EV: 16    Int:  7    God:    Kikubaaqudgha [****..]
Gold:   331        SH:  0    Dex: 16    Spells: 9/9 levels left

rFire   + . .      SeeInvis .   o - +3 flail
rCold   . . .      Faith    .   f - orb {*Rage}
rNeg    . . .      Spirit   .   u - +1 scale mail {rF+}
rPois   .          Reflect  .   (helmet restricted)
rElec   .          Harm     .   r - scarf {shadows}
rCorr   .          Rampage  .   F - +0 pair of gloves
Will    .....      Rage     20% (no boots)
Stlth   +.........              (no amulet)
HPRegen 0.25/turn               e - +4 ring of slaying
MPRegen 0.11/turn               g - +4 ring of evasion

@: marked, on berserk cooldown, slowed, very slow
A: horns 2, retaliatory headbutt
a: Renounce Religion, Receive Corpses


You were on level 1 of the Lair of Beasts.
You worshipped Kikubaaqudgha.
Kikubaaqudgha was greatly pleased with you.
You visited 2 branches of the dungeon, and saw 9 of its levels.

You collected 391 gold pieces.
You spent 60 gold pieces at shops.

Inventory:

Hand Weapons
 o - a +3 flail (weapon)
Missiles
 c - a throwing net
 t - 9 poisoned darts (quivered)
 C - a curare-tipped dart
Armour
 f - an orb of wrath (worn)
 r - a scarf of shadows (worn)
 u - a +1 scale mail of fire resistance (worn)
 F - a +0 pair of gloves (worn)
Jewellery
 e - a +4 ring of slaying (left hand)
 g - a +4 ring of evasion (right hand)
 v - a ring of protection from fire
 x - a +4 ring of protection
Wands
 w - a wand of paralysis (13)
 B - a wand of acid (13)
Scrolls
 d - a scroll of fear
 i - a scroll of noise {unknown}
 j - a scroll of fog {unknown}
 l - a scroll of magic mapping {unknown}
 s - a scroll of torment {unknown}
 y - 2 scrolls of teleportation {unknown}
 E - a scroll of vulnerability {unknown}
Potions
 a - 2 potions of mutation {unknown}
 h - a potion of brilliance {unknown}
 k - 4 potions of haste
 m - 3 potions of curing
 n - 2 potions of berserk rage {unknown}
 p - a potion of lignification {unknown}
 q - 2 potions of invisibility {unknown}
 z - a potion of might
 A - a potion of degeneration {unknown}
 D - a potion of attraction {unknown}


   Skills:
 + Level 8.5 Fighting
 + Level 12.7 Maces & Flails
 + Level 9.9 Armour
 + Level 5.7 Dodging
 + Level 3.1 Stealth


You had 9 spell levels left.
You didn't know any spells.
Your spell library contained the following spells:

 Spells                   Type           Power      Damage    Failure   Level
 Animate Skeleton         Necr           0%         N/A       77%         1
 Beastly Appendage        Tmut           0%         N/A       77%         1
 Pain                     Necr           0%         1d4       77%         1
 Corpse Rot               Necr/Air       0%         N/A       88%         2
 Sublimation of Blood     Necr           0%         N/A       88%         2
 Wereblood                Tmut           0%         N/A       88%         2
 Ozocubu's Armour         Ice            0%         N/A       98%         3
 Spider Form              Tmut/Pois      0%         N/A       98%         3
 Animate Dead             Necr           0%         N/A       100%        4
 Dispel Undead            Necr           0%         3d6       100%        4
 Borgnjor's Vile Clutch   Necr/Erth      0%         N/A       100%        5
 Excruciating Wounds      Necr           0%         N/A       100%        5
 Simulacrum               Ice/Necr       0%         N/A       100%        6
 Ozocubu's Refrigeration  Ice            0%         4d5       100%        7


Dungeon Overview and Level Annotations

Branches:
Dungeon (8/15)             Temple (0/1) D:4            Lair (1/6) D:8

Altars:
Kikubaaqudgha
Nemelex Xobeh
Qazlal
Sif Muna

Shops:
D:4 !*   D:7 :

Annotations:
D:4 2 transporters, spaghetti's ghost, weakling OpDe
D:5 3 runed translucent doors, spaghetti's ghost, novice OgDe


Innate Abilities, Weirdness & Mutations

You have a pair of horns on your head.
You reflexively headbutt those who attack you in melee.


Message History

You feel sick.
You sock the six-headed hydra!
The six-headed hydra is lightly wounded.
You feel sick.
You are no longer poisoned.
The six-headed hydra bites you!
The six-headed hydra bites you but does no damage.
The six-headed hydra bites you!
The six-headed hydra completely misses you.
The six-headed hydra bites you.
The six-headed hydra closely misses you.
A bullfrog comes into view.
A five-headed hydra comes into view.
The six-headed hydra bites you but does no damage. x2
The six-headed hydra closely misses you.
The six-headed hydra bites you!
* * * LOW HITPOINT WARNING * * *
The six-headed hydra bites you.
* * * LOW HITPOINT WARNING * * *
The six-headed hydra bites you but does no damage.
The six-headed hydra bites you.
* * * LOW HITPOINT WARNING * * *
The six-headed hydra bites you but does no damage. x2
The six-headed hydra misses you.
The six-headed hydra closely misses you.
The six-headed hydra bites you!
* * * LOW HITPOINT WARNING * * *
You feel much better. The six-headed hydra barely misses you.
The six-headed hydra bites you.
* * * LOW HITPOINT WARNING * * *
The six-headed hydra misses you. The six-headed hydra bites you!
* * * LOW HITPOINT WARNING * * *
The six-headed hydra barely misses you. x2
You hit the six-headed hydra.
The six-headed hydra is lightly wounded.
The bullfrog barely misses you. The six-headed hydra bites you.
* * * LOW HITPOINT WARNING * * *
The six-headed hydra bites you but does no damage.
The six-headed hydra misses you. The six-headed hydra bites you!
You die...
Kikubaaqudgha rasps: "You have failed me!
Welcome... death!"

........## #........
.........## ##........
..........# #.........
..........## ##.........
...........####..........
.......D.................
..............†..........
.......FD.....##.##......
........@.....#####......
.......†.....## ##....#
.............######.....#
...........<..##...###..#
.....#P##.......#####.##.
#.#### ###..#### #####
#.## ###


You could see a six-headed hydra, a five-headed hydra and a bullfrog.

Vanquished Creatures
  Harold (D:7)
  A hydra (Lair:1)
  Pikel (D:6)
  A black mamba (Lair:1)
  A komodo dragon (Lair:1)
  Prince Ribbit (D:6)
  Grinder (D:5)
  Sigmund (D:2)
  Edmund (D:4)
  An acid dragon (D:8)
  2 water moccasins
  A sky beast (D:7)
  2 orc warriors
  2 black bears
  3 ice beasts
  A centaur (D:8)
  A phantom (D:6)
  2 lemures (D:6)
  A kobold brigand (D:8)
  2 scorpions
  A bullfrog (D:4)
  A wyvern skeleton (D:7)
  10 wights
  2 centaur zombies
  2 jellies
  Crazy Yiuf (D:3)
  2 orc priests
  A centaur skeleton (D:6)
  2 bullfrog skeletons
  Jessica (D:3)
  3 iguanas
  4 orc wizards
  A killer bee zombie (D:8)
  A hound skeleton (D:4)
  A howler monkey zombie (D:5)
  Robin (D:2)
  3 adders
  3 worms
  5 dart slugs
  13 orcs
  6 bats
  7 endoplasms
  4 giant cockroaches
  16 goblins
  10 hobgoblins
  9 jackals
  4 quokkas
  9 ball pythons
  6 frilled lizards
  13 kobolds
  5 rats
174 creatures vanquished.

Vanquished Creatures (others)
  A fungus (Lair:1)
  7 plants
8 creatures vanquished.

Grand Total: 182 creatures vanquished

Notes
Turn   | Place    | Note
-------+----------+-------------------------------------------
     0 | D:1      | themarg the Minotaur Monk began the quest for the Orb.
     0 | D:1      | Reached XP level 1. HP: 19/19 MP: 0/0
   149 | D:1      | Reached XP level 2. HP: 27/27 MP: 1/1
   206 | D:1      | Reached skill level 4 in Maces & Flails
   361 | D:1      | Reached XP level 3. HP: 26/33 MP: 2/2
   514 | D:1      | Reached skill level 1 in Armour
  1185 | D:2      | Reached XP level 4. HP: 38/40 MP: 3/3
  1198 | D:2      | Noticed Robin
  1203 | D:2      | Killed Robin
  1544 | D:2      | Reached skill level 5 in Maces & Flails
  1767 | D:2      | Noticed Sigmund
  1772 | D:2      | Killed Sigmund
  1773 | D:2      | Reached skill level 6 in Maces & Flails
  1773 | D:2      | Reached XP level 5. HP: 47/47 MP: 4/4
  1773 | D:2      | Reached XP level 6. HP: 53/53 MP: 5/5
  1860 | D:3      | Found a faded altar of an unknown god.
  1869 | D:3      | Prayed at the altar of an unknown god.
  1869 | D:3      | Became a worshipper of Kikubaaqudgha
  1869 | D:3      | Reached * piety under Kikubaaqudgha
  1869 | D:3      | Received a gift from Kikubaaqudgha
  1869 | D:3      | Reached ** piety under Kikubaaqudgha
  1933 | D:3      | Noticed Jessica
  1934 | D:3      | Killed Jessica
  2362 | D:3      | Found a runed translucent door.
  2363 | D:3      | Noticed Crazy Yiuf
  2371 | D:3      | Killed Crazy Yiuf
  2717 | D:4      | Found Ogguliam's Elemental Accessories.
  2742 | D:4      | Reached *** piety under Kikubaaqudgha
  2742 | D:4      | Received a gift from Kikubaaqudgha
  2970 | D:4      | Found a transporter.
  3008 | D:4      | Identified the +4 ring mail of Generosity {rF++ Str+7
                  | Dex-5}
  3008 | D:4      | Identified the +2 buckler of Fiwovun {rF+ rCorr SInv
                  | Stlth+}
  3070 | D:4      | Found a staircase to the Ecumenical Temple.
  3091 | D:4      | Found Heumix's Distillery.
  3097 | D:4      | Bought a potion of heal wounds for 60 gold pieces
  3281 | D:4      | Found a stormy altar of Qazlal.
  3287 | D:4      | Noticed Edmund
  3320 | D:4      | Found a shimmering blue altar of Sif Muna.
  3380 | D:4      | Killed Edmund
  3381 | D:4      | Reached skill level 5 in Fighting
  3381 | D:4      | Reached skill level 7 in Maces & Flails
  3381 | D:4      | Reached XP level 7. HP: 50/61 MP: 6/6
  3708 | D:4      | Found a sparkling altar of Nemelex Xobeh.
  3812 | D:4      | Found a transporter.
  3830 | D:4      | Noticed spaghetti's ghost (weakling OpDe)
  3908 | D:5      | Entered Level 5 of the Dungeon
  4050 | D:5      | Found a runed translucent gate.
  4061 | D:5      | Found a runed translucent gate.
  4061 | D:5      | Found a runed translucent gate.
  4062 | D:5      | Noticed a two-headed ogre
  4063 | D:5      | Noticed spaghetti's ghost (novice OgDe)
  4073 | D:5      | Noticed Grinder
  4079 | D:5      | Paralysed by Grinder for 3 turns
  4085 | D:5      | Killed Grinder
  4086 | D:5      | Reached skill level 8 in Maces & Flails
  4269 | D:5      | Reached skill level 5 in Armour
  4408 | D:5      | Reached XP level 8. HP: 70/70 MP: 7/7
  4670 | D:6      | Noticed Pikel
  4681 | D:6      | Killed Pikel
  4682 | D:6      | Reached skill level 9 in Maces & Flails
  4687 | D:6      | Noticed Prince Ribbit
  4703 | D:6      | Killed Prince Ribbit
  4704 | D:6      | Reached skill level 10 in Maces & Flails
  4871 | D:6      | Reached XP level 9. HP: 78/78 MP: 8/8
  5590 | D:7      | Noticed Harold
  5595 | D:7      | Killed Harold
  5596 | D:7      | Reached skill level 11 in Maces & Flails
  5596 | D:7      | Reached skill level 5 in Dodging
  5892 | D:7      | Reached **** piety under Kikubaaqudgha
  6225 | D:7      | Reached skill level 12 in Maces & Flails
  6293 | D:7      | Found Xuonivou's Self-Improvement Boutique.
  6623 | D:7      | Reached XP level 10. HP: 88/88 MP: 9/9
  6958 | D:8      | Found a staircase to the Lair.
  8077 | Lair:1   | Entered Level 1 of the Lair of Beasts
  8106 | Lair:1   | Noticed a seven-headed hydra
  8128 | Lair:1   | Killed a seven-headed hydra
  8392 | Lair:1   | Noticed a black mamba
  8401 | Lair:1   | Killed a black mamba
  8401 | Lair:1   | Noticed a six-headed hydra
  8404 | Lair:1   | Noticed a five-headed hydra
  8408 | Lair:1   | Slain by a six-headed hydra

Illustrated notes

Levels and vault maps discovered:
D:1:      sevenhm_arrival_forest_fort_small_4, layout_loops_ring
D:2:      layout_loops_ring, uniq_sigmund, uniq_robin
D:3:      layout_loops_ring, basic_ecumenical_altar, uniq_jessica,
          uniq_crazy_yiuf_cottage
D:4:      layout_basic, amcnicky_altar_gilded,
          mainiacjoe_overflow_catwalk_spiral, minmay_temple_entry_trees,
          serial_shops, nicolae_stop_n_shop_1, gammafunk_ghost_gnarly_gnolls,
          grunt_ministairs_1, nicolae_elemental_shop, nrook_loot_triangle,
          uniq_edmund
D:5:      layout_gridville, gammafunk_ghost_split, uniq_grinder
D:6:      layout_basic, uniq_prince_ribbit1, uniq_pikel
D:7:      layout_basic, nicolae_shop_self_help, uniq_harold
D:8:      wander_river, layout_layer_cave, lair_entry_dummy,
          minmay_crystal_water
Lair:1:   layout_cave_shapes, lemuel_fruit_tree, grunt_megastairs_2

Skill      XL: |  1  2  3  4  5  6  7  8  9 10 |
---------------+-------------------------------+-----
Fighting       | 4 5 6 8 |  8.5
Maces & Flails | 4 6 7 8 10 12 | 12.7
Armour         | 1 2 3 5 6 8 9 |  9.9
Dodging        | 4 5 |  5.7
Stealth        | 2 3 |  3.1

Action                   |  1- 3 |  4- 6 |  7- 9 | 10-12 || total
-------------------------+-------+-------+-------+-------++-------
Melee: Mace              |    80 |    95 |   113 |       ||   288
       Headbutt          |     7 |    13 |    32 |    12 ||    64
       Punch             |     1 |       |       |       ||     1
       Flail             |       |       |    40 |    51 ||    91
  Use: Scroll            |       |       |     3 |       ||     3
       Potion            |       |       |       |     1 ||     1
 Stab: Sleeping          |       |     1 |       |       ||     1
Armor: Ring mail         |    38 |    20 |       |       ||    58
       Robe              |     1 |       |       |       ||     1
       Scale mail        |       |       |    44 |    23 ||    67
Dodge: Dodged            |    70 |    73 |   102 |    65 ||   310
